 Dungeon Crawl Stone Soup version 0.25-a0-1024-gbfbf38f2cb (webtiles) character file.

Game seed: 9397487397423989045, levelgen mode: deterministic

11 Flugslaktarn the Skirmisher (level 2, 0/24 HPs)
             Began as a Mummy Fighter on May 12, 2020.
             Slain by a jackal (1 damage)
             ... on level 1 of the Dungeon.
             The game lasted 00:00:07 (23 turns).

Flugslaktarn the Skirmisher (Mummy Fighter)           Turns: 23, Time: 00:00:08

Health: 0/24       AC:  6    Str: 19    XL:     2   Next: 17%
Magic:  2/2        EV:  7    Int:  7    God:
Gold:   0          SH:  8    Dex: 11    Spells: 1/1 levels left

rFire    x . .     SeeInvis .   a - +0 war axe
rCold    + . .     Gourm    .   c - +0 kite shield
rNeg     + + +     Faith    .   b - +0 scale mail
rPois    ∞         Spirit   .   (no helmet)
rElec    .         Reflect  .   (no cloak)
rCorr    .         Harm     .   (no gloves)
MR       .....                  (no boots)
Stlth    ..........             (no amulet)
HPRegen  0.08/turn              (no ring)
MPRegen  0.08/turn              (no ring)

@: no status effects
A: no food or potions, fire vulnerability, cold resistance 1, negative energy
resistance 3, torment resistance, unbreathing
a: no special abilities


You were on level 1 of the Dungeon.
You were not hungry.

You visited 1 branch of the dungeon, and saw 1 of its levels.

Inventory:

Hand Weapons
 a - a +0 war axe (weapon)
Armour
 b - a +0 scale mail (worn)
 c - a +0 kite shield (worn)


   Skills:
 + Level 3.1 Fighting
 * Level 2.0 Axes
 + Level 2.5 Armour
 - Level 2.4 Shields


You had one spell level left.
You didn't know any spells.
Your spell library was empty.

Dungeon Overview and Level Annotations

Branches:
Dungeon (1/15)

Altars:


Innate Abilities, Weirdness & Mutations

You do not eat or drink.
Your flesh is vulnerable to fire.
You are immune to poison.
Your flesh is cold resistant. (rC+)
You are immune to negative energy. (rN+++)
You are immune to unholy pain and torment.
You can survive without breathing.


Message History

You miss the jackal. You closely miss the jackal. You barely miss the goblin.
You block the jackal's attack. The jackal completely misses you.
A bat comes into view.
The jackal barely misses you.
The jackal bites you but does no damage.
You block the goblin's attack.
The jackal bites you but does no damage.
The bat moves out of view.
You barely miss the goblin. You hit the jackal.
Your shield prevents you from hitting the jackal.
You block the jackal's attack. The jackal barely misses you.
The goblin hits you but does no damage.
The jackal bites you but does no damage. x2
You miss the jackal.
The jackal is severely wounded.
You hit the goblin. You closely miss the jackal.
You block the jackal's attack. x2
The goblin hits you but does no damage.
The jackal bites you but does no damage.
The jackal bites you.
You die...

##..........
...........
#..........
###.......... #.
............ #.##
#.......... ..
...##.h)g......
...##....h@)......
#.#.#.#.#)#.#..##
#.#.#!#.#.#.(
#.#.≈≈≈≈≈.#.#.#
#.#≈...≈#.#....
#.≈...≈.#.#....
#.#≈.<.≈#.#.....
.#.≈≈≈≈≈.#.#....
#.#.#.#.#.#.....


You could see 2 jackals and a goblin.

Vanquished Creatures
  A bat (D:1)
  A giant cockroach (D:1)
  3 goblins (D:1)
  2 hobgoblins (D:1)
  A jackal (D:1)
  A rat (D:1)
9 creatures vanquished.

Notes
Turn   | Place    | Note
-------+----------+-------------------------------------------
     0 | D:1      | Flugslaktarn the Mummy Fighter began the quest for the Orb.
     0 | D:1      | Reached XP level 1. HP: 18/18 MP: 1/1
    18 | D:1      | Reached XP level 2. HP: 7/24 MP: 2/2
    20 | D:1      | HP: 1/24 [jackal (2)]
    23 | D:1      | Slain by a jackal

Illustrated notes

Levels and vault maps discovered:
D:1:      ncdulo_watergridlock, layout_rooms

Skill      XL: |  1 |
---------------+----+-----
Axes           | 2 |  2.0
Fighting       | |  3.1
Armour         | |  2.5
Shields        | |  2.4

Action                   || total
-------------------------++-------
Melee: War axe           ||    18
Armor: Scale mail        ||    29
Dodge: Dodged            ||    16
Block: Kite shield       ||    27

Table legend:
 A = Non-vault XP
 B = Vault XP
 C = Vault XP percentage of total XP
 D = Non-vault monster count
 E = Vault monster count
 F = Vault count percentage of total count
                 A         B        C        D         E       F
            +---------+---------+-------+---------+---------+-------
      Total |      17 |       0 |   0.0 |       9 |       0 |   0.0
            +---------+---------+-------+---------+---------+-------
        D:1 |      17 |       0 |   0.0 |       9 |       0 |   0.0
            +---------+---------+-------+---------+---------+-------
